AoeStats
← Suyash

Arabia

506357416Analyzed
1v1 RM · 20d ago on Sep 13, 2026· 13m 31s· 2 players
Game mode
Random Map
Map size
Tiny (2 player)
Population
200
Speed
Normal
Resources
Standard
Victory
Conquest
Starting age
Dark Age
Ending age
Imperial Age
RankedLock teamsTeams togetherTeam positionsShared explorationLock speedFull tech treeHidden civsTurbo modeCheats
Victory
Defeat
🇮🇳 Hindustanis · India
1148
+17
🇩🇪 Aztecs · Germany
1168
-17
Suyash
7:36 Loom
9:56 Feudal Age
10:15 Man-at-Arms
10:41 Double-Bit Axe
Mc_Muffin
7:12 Loom
10:23 Feudal Age
10:37 Man-at-Arms
12:36 Horse Collar
Connection lost

Rejoining the realm…

Still unreachable

The connection could not be restored.

Session expired

The server has moved on; the page needs a fresh start.